Map: Lightshade LE

Players

PartinG

  • Race: Protoss Protoss
  • Spawn Location: 11:00

Stats - Winner!

  • Race: Protoss Protoss
  • Spawn Location: 5:00

Event: IEM Katowice 2021

VOD

Have the link to the VOD?

Description

Time

  • Played on: Feb. 25, 2021, 8:11 a.m.
  • Length: 7:59

All games in this series

Show
View Real Time Build Order
Export as new Build Order

PartinG Protoss 

Build Orders: Oracle Opening 

Get SALT Encoding   

  12  0:00  Probe  
  13  0:12  Probe  
  14  0:17  Pylon  
  14  0:24  Probe (Chrono Boost)  
  15  0:36  Probe (Chrono Boost)  
  15  0:37  Gateway  
  16  0:45  Probe (Chrono Boost)  
  16  0:46  Assimilator  
  17  0:51  Probe  
  17  0:56  Assimilator  
  18  1:03  Probe (Chrono Boost)  
  19  1:08  Gateway  
  20  1:12  Probe (Chrono Boost)  
  20  1:17  Probe (Chrono Boost)  
  20  1:25  Cybernetics Core  
  21  1:29  Probe  
  22  1:37  Pylon  
  22  1:41  Probe  
  23  1:55  Probe  
  24  2:01  Stalker, Warp Gate  
  24  2:03  Stalker  
  28  2:14  Pylon  
  28  2:26  Stargate  
  27  2:45  Sentry  
  29  2:51  Nexus  
  29  2:56  Shield Battery  
  29  2:58  Probe  
  30  3:07  Oracle (Chrono Boost)  
  30  3:12  Probe  
  34  3:17  Pylon  
  34  3:24  Probe  
  35  3:36  Probe  
  35  3:37  Oracle (Chrono Boost)  
  39  3:48  Probe  
  40  3:53  Adept x2  
  44  4:00  Probe  
  45  4:03  Probe  
  46  4:13  Probe (Chrono Boost), Twilight Council  
  46  4:15  Probe (Chrono Boost)  
  49  4:25  Probe (Chrono Boost)  
  49  4:26  Probe (Chrono Boost)  
  49  4:30  Probe (Chrono Boost)  
  51  4:31  Probe (Chrono Boost)  
  50  4:39  Probe  
  50  4:40  Stalker, Pylon  
  50  4:41  Probe  
  50  4:44  Blink (Chrono Boost)  
  52  4:52  Assimilator  
  52  4:53  Probe  
  52  4:54  Probe  
  52  4:55  Pylon  
  52  4:59  Gateway  
  54  5:06  Probe x2  
  56  5:16  Gateway, Dark Shrine  
  56  5:19  Probe  
  56  5:20  Probe  
  58  5:25  Forge  
  58  5:28  Pylon  
  58  5:31  Stalker  
  58  5:35  Stalker  
  62  5:38  Probe x2  
  64  5:47  Protoss Ground Weapons Level 1 (Chrono Boost)  
  64  5:49  Nexus  
  64  5:51  Shield Battery  
  64  5:52  Probe x2  
  64  5:56  Stalker  
  67  5:57  Sentry  
  67  6:03  Phoenix  
  69  6:09  Stalker  
  68  6:11  Gateway  
  68  6:13  Probe x2  
  67  6:19  Robotics Facility  
  67  6:21  Stalker  
  69  6:28  Gateway  
  69  6:31  Gateway  
  69  6:35  Probe x2  
  71  6:45  Gateway x2  
  71  6:48  Pylon  
  71  6:50  Probe  
  71  6:51  Probe  
  73  6:56  Pylon  
  73  6:59  Stalker  
  75  7:01  Probe  
  75  7:03  Stalker  
  75  7:05  Probe  
  75  7:06  Probe  
  81  7:08  Observer  
  81  7:12  Shield Battery  
  81  7:13  Stalker  
  79  7:23  Stalker x3  
  79  7:29  Stalker x2  
  74  7:40  Stalker x2  
  74  7:41  Stalker  
  68  7:49  Stalker  
  46  7:54  Stalker  
Show
View Real Time Build Order
Export as new Build Order

Stats Protoss - Winner!

Build Orders: Phoenix Opening, Blink Stalkers 

Get SALT Encoding   

  12  0:00  Probe  
  13  0:12  Probe  
  14  0:17  Pylon  
  14  0:24  Probe (Chrono Boost)  
  15  0:36  Gateway, Probe (Chrono Boost)  
  16  0:44  Probe (Chrono Boost)  
  16  0:45  Assimilator  
  17  0:51  Probe  
  18  0:58  Assimilator  
  18  1:03  Probe (Chrono Boost)  
  19  1:08  Gateway  
  19  1:14  Probe (Chrono Boost)  
  20  1:19  Probe (Chrono Boost)  
  20  1:25  Cybernetics Core  
  21  1:29  Probe  
  22  1:35  Pylon  
  22  1:41  Probe  
  23  1:53  Probe  
  24  2:02  Stalker x2  
  24  2:03  Warp Gate  
  24  2:05  Probe  
  29  2:13  Pylon  
  29  2:25  Pylon  
  29  2:32  Sentry  
  29  2:36  Sentry  
  33  2:48  Nexus  
  33  2:52  Shield Battery  
  33  2:59  Sentry, Probe  
  36  3:06  Pylon, Phoenix  
  36  3:11  Probe  
  37  3:19  Twilight Council  
  37  3:23  Probe  
  38  3:35  Probe  
  39  3:46  Forge  
  39  3:47  Probe (Chrono Boost)  
  40  3:55  Phoenix  
  40  3:56  Blink  
  40  3:57  Probe (Chrono Boost)  
  40  3:59  Stalker  
  40  4:02  Stalker  
  45  4:08  Probe x2 (Chrono Boost)  
  46  4:18  Protoss Ground Weapons Level 1  
  46  4:19  Probe x2 (Chrono Boost)  
  46  4:24  Probe x2 (Chrono Boost)  
  48  4:26  Shield Battery  
  49  4:36  Stalker  
  49  4:37  Stalker  
  52  4:43  Probe (Chrono Boost)  
  52  4:47  Probe (Chrono Boost)  
  52  4:49  Phoenix  
  52  4:52  Pylon  
  53  4:54  Probe (Chrono Boost)  
  53  4:57  Probe (Chrono Boost)  
  53  4:59  Probe (Chrono Boost)  
  54  5:02  Stalker  
  57  5:08  Pylon  
  57  5:09  Probe (Chrono Boost)  
  57  5:11  Robotics Facility  
  57  5:13  Probe (Chrono Boost)  
  54  5:18  Probe (Chrono Boost)  
  54  5:20  Probe (Chrono Boost)  
  56  5:26  Gateway  
  56  5:28  Gateway  
  57  5:29  Probe (Chrono Boost)  
  57  5:30  Stalker  
  57  5:31  Probe (Chrono Boost)  
  57  5:34  Assimilator  
  60  5:36  Stalker  
  60  5:37  Probe (Chrono Boost)  
  60  5:39  Probe  
  64  5:54  Probe x2  
  66  6:06  Observer  
  65  6:16  Stalker x2  
  65  6:17  Pylon  
  69  6:19  Nexus  
  69  6:21  Stalker  
  69  6:24  Warp Prism (Chrono Boost)  
  71  6:28  Stalker  
  75  6:40  Stalker  
  75  6:42  Stalker  
  75  6:43  Pylon  
  79  6:48  Stalker  
  79  6:51  Probe x2  
  83  6:55  Stalker  
  85  7:01  Pylon  
  85  7:11  Stalker  
  85  7:12  Stalker x2  
  85  7:13  Probe x2  
  87  7:33  Stalker  
  87  7:35  Stalker x2  
  87  7:36  Stalker  
  91  7:43  Probe x3  
  74  7:52  Gateway  
  74  7:53  Gateway  
  74  7:55  Gateway  

Tags
 
Add a new tag
Caveats
  • Supply blocks, unpowered buildings, or Contaminate may cause inaccurate times.
  • Supply counts are checked every 10 seconds.